 Dungeon Crawl Stone Soup version 0.18.1-48-g4cf74bf (webtiles) character file.

245 Charly the Cudgeler (level 6, 0/35 HPs)
             Began as a Tengu Skald on Aug 17, 2016.
             Was an Initiate of Gozag.
             Slain by Prince Ribbit (10 damage)
             ... on level 6 of the Dungeon.
             The game lasted 00:19:36 (1645 turns).

Charly the Cudgeler (Tengu Skald)                   Turns: 1645, Time: 00:19:36

Health: 0/35       AC:  7    Str: 12    XL:     6   Next: 10%
Magic:  10/10      EV: 11    Int: 18    God:    Gozag
Gold:   53         SH:  0    Dex: 19    Spells: 1 memorised, 8 levels left

rFire  . . .     SeeInvis .     a - +0 mace
rCold  . . .     Gourm    .     q - +0 leather armour
rNeg   . . .     Faith    .     (no shield)
rPois  .         Spirit   .     (helmet restricted)
rElec  .         Dismiss  .     (no cloak)
rCorr  .         Reflect  .     (no gloves)
SustAt .         Harm     .     (boots unavailable)
MR     .....                    (no amulet)
Stlth  +.........               v - +4 ring of protection
                                e - +4 ring of dexterity

@: brilliant, not resistant to hostile enchantments, very unstealthy
A: beak, talons 3, able to fly 1
a: Fly, Potion Petition, Call Merchant, Bribe Branch, Renounce Religion


You were on level 6 of the Dungeon.
You worshipped Gozag.
Gozag was noncommittal.
You were not hungry.

You visited 2 branches of the dungeon, and saw 7 of its levels.

You collected 106 gold pieces.
You paid 53 gold pieces to Gozag.

Inventory:

Hand Weapons
 a - a +0 mace (weapon)
 b - a +0 blowgun
Missiles
 r - 4 poisoned needles
Armour
 q - a +0 leather armour (worn)
Jewellery
 e - a +4 ring of dexterity (left hand)
 g - a +2 ring of dexterity
 j - an uncursed ring of resist corrosion
 v - a +4 ring of protection (right hand)
Scrolls
 f - 2 scrolls of remove curse
 h - 2 scrolls of amnesia
 i - a scroll of enchant armour {unknown}
 k - a scroll of blinking {unknown}
 n - a scroll of enchant weapon {unknown}
 o - a scroll of random uselessness {unknown}
 p - a scroll of fog {unknown}
 u - a scroll of magic mapping {unknown}
Potions
 t - a potion of cancellation {unknown}
Books
 c - a book of Battle

   Spells                             Type                      Level
   a - Infusion                       Charms                       1
   b - Shroud of Golubria             Charms/Translocation         2
   c - Song of Slaying                Charms                       2
   d - Spectral Weapon                Hexes/Charms                 3
   e - Regeneration                   Charms/Necromancy            3
Comestibles
 d - 3 bread rations
 m - a meat ration


   Skills:
 - Level 2.0 Fighting
 + Level 6.8 Maces & Flails
 - Level 1.1 Armour
 - Level 1.1 Dodging
 - Level 2.0 Spellcasting
 - Level 2.4 Charms


You had 8 spell levels left.
You knew the following spells:

 Your Spells              Type           Power        Failure   Level  Hunger
i - Infusion              Chrm           ###.         1%          1    #......


Dungeon Overview and Level Annotations

Branches:
Dungeon (6/15)             Temple (1/1) D:5

Altars:
Dithmenos
Gozag
Kikubaaqudgha
Qazlal
Sif Muna
Vehumet
Yredelemnul
Zin
The Shining One

Annotations:
D:1 exclusion: downstairs
D:2 exclusion: downstairs, Sigmund
D:6 Prince Ribbit


Innate Abilities, Weirdness & Mutations

You have a beak for a mouth.
You have claws for feet.
You can fly.


Message History

The orc throws a tomahawk.
The tomahawk closely misses you.
You see here a tomahawk.
There is a stone staircase leading down here.
You climb downwards.
Prince Ribbit comes into view.
Prince Ribbit croaks.
You hear a shout!
There is a stone staircase leading up here.
Read which item? (? for menu, Esc to quit)
As you read the scroll labeled HITOGE YRYITE, it crumbles to dust.
It is a scroll of amnesia.
Forget which spell ([?*] list [ESC] exit)?
Forget which spell ([?*] list [ESC] exit)?
Okay, then.
A shadow imp comes into view.
Drink which item? (? for menu, Esc to quit)
It was a potion of brilliance.
You feel clever all of a sudden. Prince Ribbit hits you!
You die...
Your body crumbles into a pile of gold.

# ###
#.#..
.#.######
.......#
#......#
#@F.#
##.## ..5
.### ..
##


You could see Prince Ribbit and a shadow imp.

Vanquished Creatures
  An ogre (D:5)
  An orc wizard (D:5)
  2 worker ants (D:5)
  A gnoll (D:4)
  An adder (D:3)
  2 dart slugs (D:1)
  2 giant geckos
  4 orcs
  5 bats
  4 giant cockroaches
  5 goblins
  2 hobgoblins (D:1)
  9 jackals
  5 giant newts
  9 kobolds
  6 rats
59 creatures vanquished.

Notes
Turn   | Place    | Note
--------------------------------------------------------------
     0 | D:1      | Charly the Tengu Skald began the quest for the Orb.
     0 | D:1      | Reached XP level 1. HP: 12/12 MP: 4/4
   178 | D:1      | Reached XP level 2. HP: 15/17 MP: 4/6
   179 | D:1      | Reached skill level 3 in Maces & Flails
   200 | D:2      | Noticed Sigmund
   523 | D:1      | Reached XP level 3. HP: 11/21 MP: 3/7
   603 | D:1      | Reached skill level 4 in Maces & Flails
   828 | D:2      | You fall through a shaft!
   907 | D:3      | Reached XP level 4. HP: 18/26 MP: 2/8
  1074 | D:4      | Found a glowing silver altar of Zin.
  1095 | D:5      | Entered Level 5 of the Dungeon
  1147 | D:5      | Found a staircase to the Ecumenical Temple.
  1156 | Temple   | Entered the Ecumenical Temple
  1302 | Temple   | Became a worshipper of Gozag Ym Sagoz the Greedy
  1353 | D:5      | Found a stormy altar of Qazlal.
  1357 | D:5      | Reached skill level 5 in Maces & Flails
  1390 | D:5      | Gained mutation: You can fly. [Tengu growth]
  1390 | D:5      | Reached XP level 5. HP: 24/30 MP: 9/9
  1418 | D:5      | Found a glowing golden altar of the Shining One.
  1499 | D:5      | Reached skill level 6 in Maces & Flails
  1555 | D:5      | Noticed an ogre
  1575 | D:5      | Noticed an ogre
  1594 | D:5      | Killed an ogre
  1594 | D:5      | Reached XP level 6. HP: 13/35 MP: 10/10
  1643 | D:6      | Noticed Prince Ribbit
  1645 | D:6      | Slain by Prince Ribbit

Skill      XL: |  1  2  3  4  5 |
---------------+----------------+-----
Maces & Flails | 3 4 5 6 |  6.8
Fighting       | |  2.0
Armour         | |  1.1
Dodging        | |  1.1
Spellcasting   | |  2.0
Charms         | |  2.4

Action                   |  1- 3 |  4- 6 || total
-------------------------+-------+-------++-------
Melee: Mace              |    86 |    24 ||   110
       Peck              |    12 |     5 ||    17
       Kick              |    15 |     6 ||    21
 Fire: Blowgun           |       |    30 ||    30
 Cast: Infusion          |    13 |     2 ||    15
  Use: Scroll            |       |     4 ||     4
       Potion            |       |     2 ||     2
  Eat: Royal jelly       |     1 |       ||     1
       Pizza             |       |     1 ||     1
       Beef jerky        |       |     1 ||     1
Armor: Leather armour    |    29 |    16 ||    45
Dodge: Dodged            |    32 |    31 ||    63
